Map: Acropolis LE

Players

Clem

  • Race: Terran Terran
  • Spawn Location: 11:00

Neeb - Winner!

  • Race: Protoss Protoss
  • Spawn Location: 5:00

VOD

Have the link to the VOD?

Description

Time

  • Played on: Sept. 7, 2019, 4:09 p.m.
  • Length: 10:43
Show
View Real Time Build Order
Export as new Build Order

Clem Terran 

Build Orders: 2 Factory, Reaper Expand 

Get SALT Encoding   

  12  0:00  SCV  
  13  0:12  SCV  
  14  0:17  Supply Depot  
  14  0:25  SCV  
  15  0:38  SCV  
  15  0:39  Barracks  
  16  0:43  Refinery  
  16  0:50  SCV  
  17  1:02  SCV  
  18  1:14  SCV  
  19  1:26  Reaper  
  19  1:27  Orbital Command  
  20  1:46  Command Center  
  20  1:52  Supply Depot  
  20  1:53  SCV  
  22  2:03  Barracks Reactor  
  22  2:05  SCV  
  22  2:11  Bunker  
  22  2:12  Refinery  
  22  2:17  SCV  
  23  2:23  Factory  
  23  2:29  SCV  
  24  2:30  Factory  
  24  2:40  Marine x2  
  24  2:41  SCV  
  27  2:50  Supply Depot  
  27  2:53  SCV  
  27  2:57  Marine  
  29  2:58  Marine  
  29  3:05  SCV  
  28  3:15  Widow Mine  
  28  3:17  Starport, Orbital Command  
  30  3:23  SCV  
  30  3:26  Marine x2  
  33  3:35  SCV  
  33  3:37  Widow Mine  
  33  3:41  Barracks  
  36  3:44  SCV  
  36  3:47  SCV, Marine  
  38  3:56  SCV  
  38  3:59  SCV  
  38  4:00  Medivac  
  38  4:01  Marine  
  42  4:08  SCV  
  42  4:10  Factory Tech Lab  
  42  4:11  Engineering Bay  
  42  4:18  SCV  
  42  4:21  Supply Depot  
  42  4:22  Marine, SCV  
  45  4:25  Marine  
  45  4:30  SCV  
  47  4:36  SCV  
  47  4:37  Refinery, Terran Infantry Weapons Level 1  
  48  4:41  Marine  
  48  4:42  Marine, SCV  
  48  4:43  Stimpack  
  48  4:45  Marine  
  52  4:48  SCV  
  52  4:50  Supply Depot  
  53  4:52  Factory Reactor  
  53  4:53  Starport Reactor  
  53  4:56  SCV  
  54  5:00  SCV  
  54  5:01  Marine x2  
  54  5:03  Marauder  
  56  5:08  SCV  
  56  5:12  SCV  
  58  5:16  Supply Depot  
  58  5:19  Marine x2  
  58  5:20  SCV  
  61  5:24  Marauder, SCV  
  59  5:32  Widow Mine x2, SCV  
  62  5:36  SCV  
  62  5:39  Supply Depot  
  62  5:41  Medivac x2  
  67  5:44  SCV  
  67  5:46  Marauder  
  67  5:47  Barracks  
  67  5:48  SCV, Marine  
  67  5:49  Marine  
  73  5:53  Supply Depot  
  73  5:56  Widow Mine, SCV  
  78  5:57  Widow Mine  
  78  6:01  SCV  
  79  6:04  Refinery  
  79  6:06  Marine  
  79  6:07  Marauder  
  79  6:08  SCV  
  81  6:13  SCV  
  81  6:19  Medivac x2  
  81  6:21  SCV  
  81  6:23  Supply Depot  
  86  6:28  Marine x2  
  86  6:29  Marauder  
  86  6:30  Combat Shield  
  86  6:32  Widow Mine x2  
  94  6:36  Supply Depot  
  94  6:46  Marine  
  92  6:50  Marauder, Marine  
  92  6:51  Barracks Tech Lab  
  86  6:54  SCV x2  
  86  6:58  Supply Depot  
  86  7:00  Medivac x2  
  93  7:01  Widow Mine x2  
  93  7:06  SCV  
  93  7:07  Marine  
  93  7:08  Marine  
  89  7:11  Marauder, Terran Infantry Armor Level 1  
  90  7:18  Command Center  
  90  7:25  Marine  
  90  7:26  Marine  
  90  7:27  Supply Depot  
  90  7:28  Marauder  
  98  7:30  Widow Mine x2  
  98  7:33  Marauder  
  100  7:40  Barracks, SCV  
  100  7:41  SCV  
  100  7:42  Supply Depot, Barracks  
  100  7:43  Marine  
  103  7:50  Marauder  
  104  7:54  Marauder  
  104  7:55  Widow Mine x2, SCV  
  104  8:03  Starport  
  104  8:05  Marine x2  
  103  8:06  SCV  
  103  8:11  Supply Depot  
  103  8:12  Viking x2  
  102  8:19  SCV  
  103  8:20  Supply Depot, SCV  
  103  8:26  Marauder x2  
  108  8:29  Marine x2  
  108  8:31  Concussive Shells, SCV  
  111  8:36  Orbital Command  
  105  8:42  Barracks Tech Lab, Barracks Reactor  
  105  8:43  SCV  
  105  8:48  Viking  
  106  8:49  Marine x2  
  106  8:50  Marauder  
  106  8:51  Medivac  
  106  8:53  SCV  
  113  9:00  Marauder, SCV  
  116  9:04  Marauder  
  116  9:07  Supply Depot, SCV x2  
  113  9:11  Marauder  
  113  9:12  SCV  
  116  9:17  Armory  
  116  9:18  Viking, Engineering Bay  
  116  9:19  Viking  
  116  9:23  SCV x2  
  122  9:25  SCV  
  122  9:26  Marine x3  
  122  9:29  Viking  
  122  9:30  Viking  
  129  9:41  Marine x2  
  129  9:42  Marauder x2  
  129  9:44  Refinery  
  129  9:45  Refinery, SCV  
  136  9:48  Viking  
  136  9:52  Viking  
  133  9:55  Marine x3  
  133  9:59  Viking  
  138  10:00  Ghost Academy  
  138  10:02  Marine  
  138  10:04  Marauder x2  
  139  10:09  Viking  
  139  10:11  Marauder  
  142  10:14  Marine x2  
  142  10:19  Marine  
  142  10:20  Marine  
  101  10:31  SCV  
Show
View Real Time Build Order
Export as new Build Order

Neeb Protoss - Winner!

Build Orders: 1 Gate Expand, Colossus Rush 

Get SALT Encoding   

  12  0:00  Probe  
  13  0:13  Pylon  
  13  0:18  Probe  
  14  0:31  Probe  
  14  0:32  Gateway  
  15  0:39  Probe  
  15  0:47  Assimilator  
  15  0:49  Probe  
  17  1:01  Probe  
  18  1:13  Probe  
  19  1:20  Cybernetics Core  
  19  1:34  Nexus  
  19  1:36  Probe  
  20  1:43  Pylon  
  20  1:47  Adept  
  20  1:49  Probe  
  20  1:51  Assimilator  
  23  2:01  Probe  
  23  2:07  Adept  
  24  2:13  Probe  
  26  2:25  Probe  
  26  2:29  Robotics Facility  
  27  2:37  Probe, Stalker  
  30  2:46  Probe  
  30  2:50  Probe  
  32  2:53  Warp Gate  
  32  2:57  Probe  
  32  3:02  Probe  
  32  3:03  Pylon  
  34  3:08  Probe  
  33  3:14  Observer, Probe  
  35  3:20  Probe  
  35  3:26  Probe  
  37  3:32  Gateway, Probe  
  37  3:33  Gateway, Sentry  
  40  3:38  Warp Prism, Probe  
  41  3:44  Probe  
  44  3:50  Probe  
  45  3:56  Probe  
  45  4:02  Probe  
  44  4:05  Probe  
  45  4:10  Pylon  
  45  4:12  Assimilator  
  45  4:13  Probe  
  45  4:14  Probe, Assimilator  
  45  4:15  Observer  
  47  4:22  Probe  
  48  4:26  Probe  
  50  4:34  Probe  
  51  4:38  Forge, Probe, Robotics Bay  
  51  4:42  Adept x2  
  51  4:43  Immortal, Adept  
  62  4:54  Pylon  
  62  4:58  Pylon  
  62  5:12  Probe x2  
  62  5:13  Colossus  
  64  5:17  Stalker x3  
  70  5:24  Probe x2  
  74  5:36  Probe x2, Protoss Ground Weapons Level 1  
  76  5:45  Pylon  
  76  5:46  Extended Thermal Lance  
  76  5:52  Nexus  
  76  6:02  Sentry  
  78  6:08  Colossus  
  78  6:12  Observer  
  76  6:22  Stalker x2  
  86  6:26  Shield Battery  
  86  6:30  Pylon  
  86  6:33  Pylon  
  86  6:34  Pylon  
  86  6:41  Shield Battery  
  86  6:51  Probe  
  81  6:56  Colossus  
  81  7:04  Probe  
  81  7:05  Probe, Stalker x3  
  81  7:07  Probe  
  90  7:14  Twilight Council  
  90  7:16  Probe  
  90  7:17  Probe  
  90  7:19  Probe  
  93  7:23  Protoss Ground Armor Level 1, Gateway  
  93  7:25  Gateway  
  93  7:27  Gateway  
  93  7:28  Probe  
  93  7:29  Probe  
  95  7:30  Zealot x2  
  95  7:31  Probe  
  95  7:33  Zealot  
  95  7:35  Colossus  
  102  7:40  Probe  
  102  7:41  Probe  
  108  7:56  Stalker x3  
  106  7:59  Blink  
  106  8:00  Probe  
  105  8:07  Probe x2  
  107  8:21  Gateway  
  107  8:22  Gateway  
  107  8:23  Gateway  
  107  8:25  Stalker x5  
  117  8:28  Assimilator  
  117  8:31  Assimilator  
  113  8:41  Colossus  
  113  9:01  Probe x2  
  113  9:02  Stalker x5  
  110  9:07  Probe  
  111  9:17  Observer  
  111  9:27  Adept  
  111  9:28  Adept x6  
  125  9:31  Pylon  
  125  9:32  Pylon  
  125  9:34  Pylon  
  125  9:36  Pylon  
  125  9:50  Observer, Stalker x4  
  125  9:51  Stalker x4  
  141  9:54  Sentry  
  143  10:13  Stalker x3  
  143  10:14  Stalker x3  
  117  10:43  Stalker  
Tags
 
Add a new tag
Caveats
  • Supply blocks, unpowered buildings, or Contaminate may cause inaccurate times.
  • Supply counts are checked every 10 seconds.